 Dungeon Crawl Stone Soup version 0.19-a0-1166-g02d67b9 (webtiles) character file.

12536 st0uf the Cleaver (level 11, -3/90 HPs)
             Began as a Minotaur Fighter on Aug 14, 2016.
             Was an Elder of Hepliaklqana.
             Slain by a purple ugly thing (9 damage)
             ... on level 11 of the Dungeon.
             The game lasted 00:50:11 (10914 turns).

st0uf the Cleaver (Minotaur Fighter)               Turns: 10914, Time: 00:50:12

Health: -3/90      AC: 17    Str: 23    XL:     11   Next: 63%
Magic:  10/10      EV:  8    Int:  5    God:    Hepliaklqana [****..]
Gold:   441        SH: 12    Dex: 11    Spells: 0 memorised, 10 levels left

rFire  + . .     SeeInvis .     W - +2 war axe (chop)
rCold  . . .     Gourm    .     K - +0 plate armour
rNeg   . . .     Faith    .     c - +0 shield
rPois  .         Spirit   .     (helmet restricted)
rElec  .         Dismiss  .     u - +0 cloak
rCorr  .         Reflect  .     (no gloves)
MR     .....     Harm     .     B - +0 pair of boots
Stlth  ..........               (no amulet)
                                (no ring)
                                v - ring of protection from fire

@: no status effects
A: retaliatory headbutt, horns 2
a: Recall Ancestor, Ancestor Identity, Transference, Idealise, Renounce Religion


You were on level 11 of the Dungeon.
You worshipped Hepliaklqana.
Hepliaklqana was greatly pleased with you.
You were hungry.

You visited 3 branches of the dungeon, and saw 13 of its levels.

You collected 441 gold pieces.

Inventory:

Hand Weapons
 W - a +2 war axe of chopping (weapon)
Armour
 c - a +0 shield (worn)
 u - a +0 cloak (worn)
 B - a +0 pair of boots (worn)
 K - a +0 plate armour (worn)
Jewellery
 l - an uncursed ring of ice
 v - a ring of protection from fire (left hand)
Wands
 d - a wand of slowing (14/48)
 o - a wand of disintegration (9/24)
 E - a wand of iceblast (5/15)
 F - a wand of confusion (31/48)
 O - a wand of lightning (0/15)
 R - a wand of acid (0/15)
 V - a wand of flame (25/48)
Scrolls
 e - 4 scrolls of identify
 k - 3 scrolls of teleportation
 r - 6 scrolls of recharging {unknown}
 t - 3 scrolls of remove curse
 w - 3 scrolls of amnesia {unknown}
 y - a scroll of magic mapping {unknown}
 z - 2 scrolls of blinking {unknown}
 H - 2 scrolls of enchant armour {unknown}
 I - a scroll of noise {unknown}
 L - a scroll of immolation {unknown}
 N - a scroll of fear {unknown}
 S - a scroll of summoning {unknown}
 T - a scroll of enchant weapon {unknown}
 U - a scroll of vulnerability {unknown}
Potions
 g - 4 potions of degeneration {unknown}
 h - 3 potions of flight {unknown}
 i - 7 potions of lignification {unknown}
 j - 4 potions of curing {unknown}
 q - 2 potions of heal wounds {unknown}
 A - 6 potions of magic {unknown}
 C - a potion of mutation {unknown}
 D - a potion of berserk rage {unknown}
 G - 2 potions of cancellation {unknown}
 J - a potion of ambrosia {unknown}
 M - a potion of cure mutation {unknown}
 P - 2 potions of haste {unknown}
Books
 p - an Akashic Record

   Spells                             Type                      Level
   a - Dispersal                      Translocation                6
   b - Malign Gateway                 Summoning/Translocation      7
   c - Disjunction                    Translocation                8
   d - Controlled Blink               Translocation                8
 x - a book of Burglary

   Spells                             Type                      Level
   a - Swiftness                      Charms/Air                   2
   b - Passwall                       Transmutation/Earth          2
   c - Passage of Golubria            Translocation                4
   d - Lee's Rapid Deconstruction     Earth                        5
   e - Darkness                       Hexes                        6
   f - Invisibility                   Hexes                        6
Comestibles
 b - a fruit
 f - 7 bread rations
 m - 4 beef jerkies
 n - 9 slices of pizza
 s - 3 meat rations


   Skills:
 + Level 10.2 Fighting
 + Level 12.3 Axes
 + Level 10.2 Armour
 + Level 5.5 Dodging
 + Level 3.7 Stealth
 + Level 10.7 Shields
 + Level 0.1 Evocations


You had 10 spell levels left.
You didn't know any spells.

Dungeon Overview and Level Annotations

Branches:
Dungeon (11/15)            Temple (1/1) D:6            Lair (1/6) D:11
    Orc: D:9-12

Altars:
Ashenzari
Cheibriados
Dithmenos
Elyvilon
Fedhas
Gozag
Hepliaklqana
Kikubaaqudgha
Makhleb
Nemelex Xobeh
Okawaru
Pakellas
Qazlal
Ru
Sif Muna
Trog
Uskayaw
Vehumet
Xom
Yredelemnul
Zin
The Shining One

Shops:
D:7 *

Annotations:
D:11 Nergalle
Lair:1 Fannar


Innate Abilities, Weirdness & Mutations

You reflexively headbutt those who attack you in melee.
You have a pair of horns on your head.


Message History

* * * LOW HITPOINT WARNING * * *
Unknown command.
You hit the death knight but do no damage.
The death knight is moderately wounded.
You completely miss the purple ugly thing.
The purple ugly thing bites you.
* * * LOW HITPOINT WARNING * * *
Unknown command.
You hit the death knight but do no damage.
The death knight is moderately wounded.
Your shield and plate armour prevent you from hitting the purple ugly thing.
The death knight hits you with an enchanted glaive!
* * * LOW HITPOINT WARNING * * *
The purple ugly thing bites you but does no damage.
Unknown command.
You closely miss the death knight.
The death knight is moderately wounded.
You barely miss the purple ugly thing. You block the death knight's attack.
The purple ugly thing bites you!
You die...

.........# #
#........# #
#........# #
#........# #
#........# #
#........# #
#......p.# #
#......u@# #
#........# . #####
#........#### #...#
#...........# #...#
#####...#...#
#...#######.###...#
#...##<...#.# ...#
. #...#####.#.#
...# #ยง. #...#
#.#.## ..# ...


You could see a death knight and a purple ugly thing.

Vanquished Creatures
  A hydra (Lair:1)
  The ghost of st0uf the Ducker, a novice DrTm (D:6)
  A hill giant (D:10)
  A komodo dragon (Lair:1)
  3 wraiths
  Sigmund (D:2)
  A wyvern (D:9)
  12 yaks
  A hog (D:7)
  A hippogriff (D:10)
  The ghost of heinrich the Slasher, an amateur HESk (D:3)
  Menkaure (D:6)
  2 water moccasins
  Duvessa (D:4)
  2 porcupines (D:10)
  2 ice beasts
  6 orc warriors
  2 black bears
  3 ogres
  A necrophage (D:8)
  2 phantoms
  A centaur (D:7)
  7 wolves (Lair:1)
  A big kobold (D:7)
  6 crocodiles
  2 elf zombies (D:7)
  6 giant frogs
  Blork the orc (D:4)
  Dowan (D:4)
  3 scorpions
  3 killer bees (D:9)
  2 wights (D:7)
  2 human zombies (D:7)
  A crimson imp (D:8)
  A giant frog zombie (D:5)
  4 hounds
  A quasit (D:11)
  3 jellies
  7 orc priests
  2 human skeletons (D:7)
  6 worker ants
  An iguana (D:5)
  7 orc wizards
  16 sheep
  3 hound skeletons
  A mummy (D:7)
  Robin (D:4)
  A worker ant zombie (D:6)
  6 adders
  3 river rats
  2 shadow imps
  5 worms
  3 dart slugs
  5 giant geckos
  32 orcs
  5 bats
  9 giant cockroaches
  11 goblins
  10 hobgoblins
  7 jackals
  13 kobolds
  3 quokkas
  4 giant newts
  A quokka zombie (D:7)
  10 rats
265 creatures vanquished.

Vanquished Creatures (collateral kills)
  A centaur zombie (D:10)
  A human (D:7)
  2 yaks
  A porcupine (D:10)
  A black bear (D:10)
  An eye of draining (D:5)
  An ice beast (D:10)
  A sky beast (D:9)
  A big kobold (D:8)
  4 giant frogs
  A scorpion (D:6)
  3 killer bees (D:9)
  A jelly (D:9)
  An iguana (D:10)
  3 worker ants
  A sheep (D:7)
  An ogre zombie (D:7)
  A river rat (D:10)
  2 giant geckos
  5 orcs
  2 bats
  2 goblins (D:4)
  A hobgoblin (D:4)
  2 jackals
  5 kobolds
  An orc zombie (D:7)
  A rat (D:3)
47 creatures vanquished.

Vanquished Creatures (others)
  5 yaks (D:11)
  A basilisk (D:11)
  8 hexers
  2 ancestors
  4 toadstools (D:1)
20 creatures vanquished.

Grand Total: 332 creatures vanquished

Notes
Turn   | Place    | Note
-------+----------+-------------------------------------------
     0 | D:1      | st0uf the Minotaur Fighter began the quest for the Orb.
     0 | D:1      | Reached XP level 1. HP: 19/19 MP: 0/0
   125 | D:1      | Reached XP level 2. HP: 25/27 MP: 1/1
   970 | D:2      | Reached XP level 3. HP: 26/33 MP: 2/2
  1032 | D:2      | Found a hazy altar of Hepliaklqana.
  1040 | D:2      | Became a worshipper of Hepliaklqana
  1077 | D:2      | Reached skill level 1 in Dodging
  1112 | D:2      | Found an oddly glowing altar of Pakellas.
  1320 | D:2      | Noticed Sigmund
  1347 | D:3      | Reached skill level 3 in Axes
  1353 | D:3      | Noticed heinrich's ghost (amateur HESk)
  1379 | D:3      | Killed heinrich's ghost
  1379 | D:3      | Reached XP level 4. HP: 8/36 MP: 3/3
  1379 | D:3      | Reached XP level 5. HP: 9/42 MP: 4/4
  1621 | D:2      | Killed Sigmund
  1621 | D:2      | Reached skill level 4 in Axes
  1621 | D:2      | Reached skill level 5 in Armour
  1621 | D:2      | Reached XP level 6. HP: 42/49 MP: 5/5
  2298 | D:4      | Found a burning altar of Makhleb.
  2317 | D:4      | Reached skill level 5 in Shields
  2336 | D:4      | Reached skill level 5 in Fighting
  2387 | D:4      | Found a glowing golden altar of the Shining One.
  2418 | D:4      | Noticed Robin
  2425 | D:4      | Killed Robin
  2534 | D:4      | Noticed Blork the orc
  2903 | D:4      | Reached * piety under Hepliaklqana
  2924 | D:4      | Noticed Duvessa
  2925 | D:4      | Noticed Dowan
  2934 | D:4      | Killed Duvessa
  2934 | D:4      | Reached XP level 7. HP: 52/54 MP: 6/6
  2938 | D:4      | Killed Dowan
  2938 | D:4      | Reached skill level 5 in Axes
  3294 | D:4      | Killed Blork the orc
  3375 | D:5      | Entered Level 5 of the Dungeon
  3575 | D:5      | Reached XP level 8. HP: 61/63 MP: 7/7
  3627 | D:5      | Reached skill level 6 in Axes
  3651 | D:5      | Found a white marble altar of Elyvilon.
  4140 | D:5      | Reached ** piety under Hepliaklqana
  4141 | D:5      | Remembered your ancestor Sunngifu as a hexer
  4142 | D:5      | Found a bloodstained altar of Trog.
  4224 | D:6      | Noticed Menkaure
  4232 | D:6      | Killed Menkaure
  4439 | D:6      | Noticed st0uf's ghost (novice DrTm)
  4453 | D:6      | Killed st0uf's ghost
  4453 | D:6      | Reached skill level 7 in Axes
  4453 | D:6      | Reached XP level 9. HP: 50/70 MP: 8/8
  4683 | D:6      | Found a radiant altar of Vehumet.
  4925 | D:6      | Found a staircase to the Ecumenical Temple.
  4937 | Temple   | Entered the Ecumenical Temple
  5048 | D:6      | Reached skill level 8 in Axes
  5425 | D:7      | Reached skill level 5 in Dodging
  5613 | D:7      | Found Keyffuet's General Store.
  5627 | D:7      | Reached skill level 1 in Stealth
  5905 | D:7      | Found a shattered altar of Ashenzari.
  5928 | D:7      | Reached skill level 9 in Axes
  6211 | D:7      | Reached *** piety under Hepliaklqana
  6228 | D:7      | Found an ancient bone altar of Kikubaaqudgha.
  6738 | D:8      | Reached XP level 10. HP: 74/77 MP: 9/9
  6806 | D:8      | Found a shadowy altar of Dithmenos.
  7060 | D:8      | Reached skill level 10 in Axes
  7952 | D:9      | Found an opulent altar of Gozag.
  8213 | D:9      | Found a blossoming altar of Fedhas.
  8218 | D:9      | Found a glowing silver altar of Zin.
  8278 | D:10     | Entered Level 10 of the Dungeon
  8289 | D:10     | Noticed a hill giant
  8525 | D:10     | Reached **** piety under Hepliaklqana
  8568 | D:10     | Reached skill level 11 in Axes
  8933 | D:10     | Reached XP level 11. HP: 87/87 MP: 10/10
  9180 | D:10     | Killed a hill giant
  9180 | D:10     | Reached skill level 10 in Armour
  9393 | D:11     | Noticed a death knight
  9435 | D:11     | Found a staircase to the Lair.
  9473 | D:10     | Reached skill level 10 in Shields
 10217 | D:11     | Noticed Nergalle
 10292 | Lair:1   | Entered Level 1 of the Lair of Beasts
 10320 | Lair:1   | Reached skill level 12 in Axes
 10361 | Lair:1   | Reached skill level 10 in Fighting
 10709 | Lair:1   | Noticed a seven-headed hydra
 10712 | Lair:1   | Noticed Fannar
 10720 | Lair:1   | Killed a seven-headed hydra
 10898 | D:11     | Noticed a purple ugly thing
 10914 | D:11     | Slain by a purple ugly thing

Vault maps used:
D:1:      ldierk_walled_garden_2
D:2:      grunt_pakellas_salt, marbit_many_paths, corner_web_ring, uniq_sigmund
D:3:      st_stairs_8, minmay_box_of_dots
D:4:      tso_metal_star, old_standard_altar, uniq_duvessa, uniq_blork_the_orc,
          uniq_robin
D:5:      trog_eyes_of_draining, elyvilon_altar_5, first_bread, serial_bayou,
          serial_bayou_shore_b, serial_bayou_pond_e, serial_bayou_pond_a,
          serial_bayou_pond_a
D:6:      lemuel_round_altar, uniq_menkaure
D:7:      lemuel_doored_altar, lemuel_mausoleum_altar_kikubaaqudgha,
          serial_shops, shop, grunt_livestock
D:8:      grunt_dithmenos_smoke_and_mirrors
D:9:      nicolae_overflow_hidden_temple, grunt_temple_overflow_open
D:11:     minmay_lair_entry_grove, lemuel_flamethrower_2, uniq_nergalle
Temple:   kb_temple_of_zot
Lair:1:   nicolae_lair_grove_arrangements, uniq_fannar

Skill      XL: |  1  2  3  4  5  6  7  8  9 10 11 |
---------------+----------------------------------+-----
Fighting       | 4 5 6 7 9 10 | 10.2
Shields        | 4 5 6 7 8 9 10 | 10.7
Dodging        | 2 3 4 5 |  5.5
Armour         | 4 5 6 7 8 9 10 | 10.2
Axes           | 3 4 5 7 9 11 12 | 12.3
Stealth        | 2 3 |  3.7
Evocations     | |  0.1

Action                   |  1- 3 |  4- 6 |  7- 9 | 10-12 || total
-------------------------+-------+-------+-------+-------++-------
Melee: War axe           |   121 |    83 |   250 |   407 ||   861
       Headbutt          |    12 |    16 |    47 |    87 ||   162
Invok: Ancestor Identity |       |     1 |       |       ||     1
       Recall Ancestor   |       |     1 |       |     1 ||     2
       Ancestor Life: He |       |       |     1 |       ||     1
Evoke: Wand              |       |       |       |    12 ||    12
  Use: Potion            |     1 |       |       |       ||     1
       Scroll            |       |       |     5 |     1 ||     6
 Stab: Distracted        |       |       |     5 |     3 ||     8
       Confused          |       |       |     4 |     6 ||    10
  Eat: Chunk             |     2 |     5 |    12 |    13 ||    32
Armor: Scale mail        |    53 |    28 |    33 |       ||   114
       Plate armour      |       |       |    31 |   162 ||   193
Dodge: Dodged            |    28 |    34 |    48 |   104 ||   214
Block: Shield            |    61 |    52 |    79 |   234 ||   426
